 Dungeon Crawl Stone Soup version 0.29.1-1-gd02db6906a (webtiles) character file.

Game seed: 13102199224440954084

130 safid the Shooter (level 4, 0/41 HPs)
             Began as a Minotaur Hunter on Sept 27, 2022.
             Slain by a human zombie (5 damage)
             ... in an ossuary.
             The game lasted 00:03:09 (2791 turns).

safid the Shooter (Minotaur Hunter)                 Turns: 2791, Time: 00:03:09

Health: 0/41       AC:  3    Str: 16    XL:     4   Next: 89%
Magic:  3/3        EV: 12    Int:  6    God:
Gold:   159        SH:  5    Dex: 15    Spells: 3/3 levels left

rFire   . . .      SeeInvis .   a - +0 shortbow
rCold   . . .      Faith    .   (shield currently unavailable)
rNeg    . . .      Spirit   .   c - +0 leather armour
rPois   .          Reflect  +   (helmet restricted)
rElec   .          Harm     .   (no cloak)
rCorr   .          Rampage  .   (no gloves)
Will    .....                   (no boots)
Stlth   +.........              e - amulet of reflection
HPRegen 0.13/turn               i - ring of flight
MPRegen 0.08/turn               (no ring)

@: marked, flying, studying Armour
A: horns 2, retaliatory headbutt
a: no special abilities


You were in an ossuary.
You visited 1 branch of the dungeon, and saw 4 of its levels.
You also visited: Ossuary.

You collected 159 gold pieces.

Inventory:

Hand Weapons
 a - a +0 shortbow (weapon)
Armour
 c - a +0 leather armour (worn)
Jewellery
 e - an amulet of reflection (around neck)
 i - a ring of flight (left hand)
Wands
 j - a wand of roots (8)
Scrolls
 b - 2 scrolls of noise {unknown}
 h - 2 scrolls of amnesia {unknown}
 k - a scroll of fear {unknown}
 l - a scroll of teleportation {unknown}
 m - a scroll of poison {unknown}
 n - a scroll of torment {unknown}
 p - a scroll of identify {unknown}
 q - a scroll of silence {unknown}
Potions
 d - a potion of brilliance {unknown}
 f - a potion of flight {unknown}
 g - 2 potions of curing {unknown}
 o - a potion of ambrosia {unknown}


   Skills:
 + Level 4.7 Fighting
 + Level 5.8 Ranged Weapons
 - Level 2.1 Dodging
 - Level 0.7 Stealth


You had 3 spell levels left.
You didn't know any spells.
Your spell library contained the following spells:

 Spells                   Type           Power      Damage    Failure   Level
 Apportation              Tloc           0%         N/A       52%         1
 Magic Dart               Conj           0%         1d3       52%         1
 Searing Ray              Conj           0%         2d4       67%         2
 Fulminant Prism          Conj/Hex       0%         3d6       99%         4
 Alistair's Intoxication  Tmut/Pois      0%         N/A       100%        5


Dungeon Overview and Level Annotations

Branches:
Dungeon (4/15)            Ossuary (1/1)
 Temple: D:4-7

Altars:
Ru

Annotations:
D:1 1 transporter


Innate Abilities, Weirdness & Mutations

You have a pair of horns on your head.
You reflexively headbutt those who attack you in melee.


Message History

* * * LOW HITPOINT WARNING * * *
Fire: a) +0 shortbow
Press: ? - help, Q - select action, (/) - cycle Shift-Dir - straight line, f/p - human zombie
Aim: a human zombie (moderately damaged, 70% to hit)
You shoot an arrow.
The arrow hits the human zombie but does no damage.
The human zombie is moderately damaged.
The jackal zombie bites you.
* * * LOW HITPOINT WARNING * * *
You block the human zombie's attack.
Fire: a) +0 shortbow
Press: ? - help, Q - select action, (/) - cycle Shift-Dir - straight line, f/p - human zombie
Aim: a human zombie (moderately damaged, 70% to hit)
You shoot an arrow.
The arrow barely misses the human zombie.
The jackal zombie barely misses you. The jackal zombie closely misses you.
The human zombie hits you.
* * * LOW HITPOINT WARNING * * *
Fire: a) +0 shortbow
Press: ? - help, Q - select action, (/) - cycle Shift-Dir - straight line, f/p - human zombie
Aim: a human zombie (moderately damaged, 70% to hit)
You shoot an arrow.
The arrow barely misses the human zombie.
The jackal zombie bites you.
* * * LOW HITPOINT WARNING * * *
The human zombie hits you.
* * * LOW HITPOINT WARNING * * *
The jackal zombie closely misses you. You furiously retaliate!
You headbutt the jackal zombie.
Fire: a) +0 shortbow
Press: ? - help, Q - select action, (/) - cycle Shift-Dir - straight line, f/p - human zombie
Aim: a human zombie (moderately damaged, 70% to hit)
You shoot an arrow.
The arrow hits the human zombie but does no damage.
The human zombie is moderately damaged.
The jackal zombie closely misses you. You furiously retaliate!
You headbutt the jackal zombie!
You destroy the jackal zombie!
The human zombie hits you.
You die...

#...# #...# #...#
#...####+.... #...#
#...#.....∩.# #...#
#...#.......# #...#
#...#.......# #...#
#...#.......####.#...#
#...#......ZZ.ZZZ#...#
#...# #Z.# #...# #...#
#^@# #...# #...# #^.#
#...#
#...######^.######...#
#....................#
#........8..8........#
#....................#
#....................#
######################


You could see an adder zombie, a hobgoblin zombie and a human zombie.

Vanquished Creatures
  2 mummies (Ossuary)
  3 adders
  A worm (D:2)
  A dart slug (D:3)
  4 orcs (D:3)
  6 ball pythons
  7 endoplasms
  3 giant cockroaches
  8 goblins
  2 hobgoblins
  3 kobolds
  A quokka (D:2)
  4 bats
  A frilled lizard (D:3)
  9 hobgoblin zombies (Ossuary)
  A jackal zombie (Ossuary)
  6 kobold zombies (Ossuary)
  7 orc zombies (Ossuary)
  4 rats
  2 rat zombies (D:4)
75 creatures vanquished.

Notes
Turn   | Place    | Note
-------+----------+-------------------------------------------
     0 | D:1      | safid the Minotaur Hunter began the quest for the Orb.
     0 | D:1      | Reached XP level 1. HP: 18/18 MP: 0/0
   414 | D:1      | Reached XP level 2. HP: 26/26 MP: 1/1
   980 | D:2      | Reached XP level 3. HP: 31/31 MP: 2/2
  1000 | D:2      | Reached skill level 5 in Ranged Weapons
  1530 | D:3      | Found a sacrificial altar of Ru.
  1928 | D:3      | Reached XP level 4. HP: 40/40 MP: 3/3
  2061 | D:3      | Found a faded altar of an unknown god.
  2646 | D:4      | Found a sand-covered staircase.
  2660 | Ossuary  | Entered an ossuary
  2791 | Ossuary  | Slain by a human zombie

Illustrated notes

Levels and vault maps discovered:
D:1:      spicycebolla_arrival_risky_transporter, layout_basic
D:2:      layout_basic, serial_glass, glass_columns_a, glass_columns_c
D:3:      layout_loops_corners, lemuel_crystal_altar,
          ebering_ecumenical_altar_mist, nrook_mini_backslash,
          dk_noncrumbling_3, lemuel_flame_loot_1
D:4:      layout_basic, nicolae_qazlal_scattered_showers, portal_sewer_entry_b,
          enter_ossuary_4, uniq_grinder, uniq_ijyb
Ossuary:  ossuary_tomb_1

Skill      XL: |  1  2  3 |
---------------+----------+-----
Fighting       | 3 4 |  4.7
Ranged Weapons | 5 |  5.8
Dodging        | |  2.1
Stealth        | |  0.7

Action                   |  1- 3 |  4- 6 || total
-------------------------+-------+-------++-------
 Fire: Shortbow          |    99 |    86 ||   185
Armor: Leather armour    |     3 |    10 ||    13
Dodge: Dodged            |    19 |    20 ||    39
Block: Other             |     7 |    12 ||    19
